 Dungeon Crawl Stone Soup version 0.19.1 (webtiles) character file.

8086 Haldmier the Cleaver (level 11, -14/57 HPs)
             Began as a Gargoyle Gladiator on Dec 24, 2016.
             Was a High Priest of Okawaru.
             Demolished by an earth elemental (27 damage)
             ... in a volcano.
             The game lasted 00:41:39 (13175 turns).

Haldmier the Cleaver (Gargoyle Gladiator)          Turns: 13175, Time: 00:41:40

Health: -14/57     AC: 23    Str: 28    XL:     11   Next: 25%
Magic:  11/11      EV:  8    Int:  9    God:    Okawaru [*****.]
Gold:   136        SH:  0    Dex: 12    Spells: 0 memorised, 10 levels left

rFire  . . .     SeeInvis .     a - +0 war axe (freeze)
rCold  . . .     Gourm    .     G - +2 plate armour {rPois}
rNeg   + . .     Faith    +     (no shield)
rPois  ∞         Spirit   .     c - +0 helmet
rElec  +         Reflect  .     (no cloak)
rCorr  .         Harm     .     L - +2 pair of gloves {archery}
MR     .....                    (no boots)
Stlth  ..........               g - amulet of faith
                                y - +3 ring of strength
                                x - ring of wizardry

@: mighty, flying
A: big wings, negative energy resistance 1, electricity resistance, unbreathing,
petrification resistance, rot immunity, AC +7
a: Stop Flying, Heroism, Finesse, Renounce Religion


You were in a volcano.
You worshipped Okawaru.
Okawaru was extremely pleased with you.
You were not hungry.

You visited 3 branches of the dungeon, and saw 12 of its levels.
You also visited: Volcano.

You collected 422 gold pieces.
You spent 286 gold pieces at shops.

Inventory:

Hand Weapons
 a - a +0 war axe of freezing (weapon)
 b - a +0 blowgun
 m - a +2 whip of electrocution
 J - a +2 mace of protection
Missiles
 d - 5 throwing nets
 j - 5 tomahawks (quivered)
 C - 34 poisoned needles
 D - 8 curare-tipped needles
Armour
 c - a +0 helmet (worn)
 u - a +0 pair of gloves
 G - a +2 plate armour of poison resistance (worn)
 L - a +2 pair of gloves of archery (worn)
 O - a +1 robe of magic resistance
Jewellery
 g - an amulet of faith (around neck)
 x - a ring of wizardry (left hand)
 y - a +3 ring of strength (right hand)
Wands
 A - a wand of polymorph (15/24)
 N - a wand of iceblast (7/15)
Scrolls
 e - a scroll of recharging {unknown}
 h - 2 scrolls of enchant weapon
 i - 3 scrolls of fear
 k - a scroll of blinking
 q - 4 scrolls of teleportation
 r - 3 scrolls of magic mapping
 w - 4 scrolls of remove curse
 M - a scroll of amnesia
Potions
 o - a potion of magic
 p - a potion of heal wounds
 s - a potion of might
 t - 5 potions of curing
 E - 2 potions of haste
 H - a potion of cure mutation
 I - a potion of ambrosia
Books
 B - a book of Necromancy

   Spells                             Type                      Level
   a - Pain                           Necromancy                   1
   b - Animate Skeleton               Necromancy                   1
   c - Vampiric Draining              Necromancy                   3
   d - Regeneration                   Charms/Necromancy            3
   e - Animate Dead                   Necromancy                   4
   f - Control Undead                 Necromancy                   4
Comestibles
 f - 10 bread rations
 l - 8 meat rations
 n - 2 slices of pizza
 v - 3 beef jerkies
 z - a royal jelly
 F - 5 fruits
 K - 2 chunks of flesh


   Skills:
 - Level 2.1 Fighting
 * Level 14.9 Axes
 - Level 3.2 Throwing
 - Level 2.4 Dodging


You had 10 spell levels left.
You didn't know any spells.

Dungeon Overview and Level Annotations

Branches:
Dungeon (10/15)            Temple (1/1) D:7            Lair (1/6) D:9
    Orc: D:9-12

Altars:
Ashenzari
Cheibriados
Dithmenos
Elyvilon
Fedhas
Gozag
Hepliaklqana
Kikubaaqudgha
Makhleb
Nemelex Xobeh
Okawaru
Qazlal
Ru
Sif Muna
Trog
Uskayaw
Vehumet
Xom
Yredelemnul
Zin
The Shining One

Shops:
D:6 :   D:9 :[*[   D:10 =

Annotations:
D:9 Stash by Ice statue, exclusion: ice statue


Innate Abilities, Weirdness & Mutations

You are resistant to torment.
Your stone body is resilient. (AC +7)
You are immune to poison.
You resist negative energy. (rN+)
You are resistant to electric shocks. (rElec)
You can survive without breathing.
You are immune to petrification.
You are immune to rotting.
Your large and strong wings let you fly indefinitely.


Message History

The efreet is lightly wounded.
The efreet barely misses you.
You slash the efreet! You freeze the efreet.
The efreet is heavily wounded.
The efreet gestures at you.
The fireball explodes!
The fireball engulfs you!
* * * LOW HITPOINT WARNING * * *
The fireball engulfs the efreet.
The efreet completely resists.
You take 13 damage, and have 13/57 hp.
MASSIVE DAMAGE!!
You hit the efreet but do no damage.
The efreet is heavily wounded.
Your plate armour prevents you from hitting the earth elemental.
You slash the efreet! You freeze the efreet.
The efreet is severely wounded.
You hit the earth elemental. The efreet hits you but does no damage.
You completely miss the efreet.
The efreet is severely wounded.
Your plate armour prevents you from hitting the earth elemental.
The earth elemental hits you!!
You die...

#### ## ##..##
#.#
##≈...###..
#§§....#.#
#§..∩.@E#
#≈≈..R### #
#≈≈...##E≈§≈
#≈≈...##Ev§≈
#§..∩..§.≈≈≈..
#§§....#..≈..#
##≈...###..§##
###..# #§##
####


You could see an earth elemental, an efreet, 2 fire elementals and a fire
vortex.

Vanquished Creatures
  The ghost of Cyber the Fighter, a journeyman MiFi of Okawaru (D:10)
  Pikel (D:7)
  The ghost of TheWoodenMan the Spear-Bearer, a novice MfGl (D:5)
  Psyche (D:10)
  A troll (D:9)
  3 blink frogs (Lair:1)
  A merfolk (D:9)
  A hippogriff (D:8)
  Sigmund (D:2)
  4 yaks (D:8)
  2 hungry ghosts (D:10)
  2 hell hounds (D:9)
  A sky beast (D:8)
  A water moccasin (Lair:1)
  3 ice beasts
  2 orc warriors (D:8)
  A slave (D:7)
  A phantom (D:4)
  5 ogres
  3 centaurs
  2 crocodiles
  A big kobold (D:9)
  A bullfrog (D:10)
  A wyvern zombie (D:10)
  An earth elemental (Volcano)
  5 scorpions
  5 killer bees (D:7)
  5 crimson imps
  A centaur zombie (D:7)
  3 howler monkeys (D:9)
  A bullfrog zombie (D:9)
  4 jellies
  A gnoll shaman (D:7)
  5 orc priests
  A bullfrog skeleton (D:6)
  3 centaur skeletons
  4 hounds
  7 orc wizards
  3 iguanas
  Ijyb (D:3)
  6 worker ants
  A hound skeleton (D:10)
  Robin (D:3)
  16 adders
  9 gnolls
  A shadow imp (D:7)
  An ooze (D:3)
  2 adder skeletons
  2 worms
  4 dart slugs
  7 leopard geckos
  17 orcs
  4 bats
  2 giant cockroaches
  16 goblins
  8 hobgoblins
  5 jackals (D:2)
  5 quokkas
  6 frilled lizards
  A giant cockroach zombie (D:6)
  11 kobolds
  6 rats
222 creatures vanquished.

Vanquished Creatures (others)
  A slave (D:8)
  A bullfrog (D:8)
  A crimson imp (D:7)
  A gnoll (D:7)
  An orc (D:8)
  A quokka (D:7)
6 creatures vanquished.

Grand Total: 228 creatures vanquished

Notes
Turn   | Place    | Note
-------+----------+-------------------------------------------
     0 | D:1      | Haldmier the Gargoyle Gladiator began the quest for the Orb.
     0 | D:1      | Reached XP level 1. HP: 12/12 MP: 1/1
   166 | D:1      | Reached skill level 3 in Axes
   248 | D:1      | Reached XP level 2. HP: 17/17 MP: 2/2
   881 | D:2      | Reached XP level 3. HP: 19/21 MP: 3/3
   953 | D:2      | Reached skill level 4 in Axes
  1001 | D:2      | Reached XP level 4. HP: 20/26 MP: 4/4
  1071 | D:2      | Noticed Sigmund
  1435 | D:3      | Noticed Robin
  1684 | D:3      | Killed Robin
  1684 | D:3      | Reached skill level 5 in Axes
  1684 | D:3      | Reached XP level 5. HP: 23/30 MP: 5/5
  1754 | D:3      | Noticed Ijyb
  1769 | D:3      | Killed Ijyb
  2294 | D:2      | Killed Sigmund
  2294 | D:2      | Reached skill level 6 in Axes
  2294 | D:2      | Reached XP level 6. HP: 19/35 MP: 6/6
  3296 | D:4      | Reached skill level 7 in Axes
  3296 | D:4      | Reached XP level 7. HP: 23/40 MP: 7/7
  3976 | D:4      | Reached skill level 8 in Axes
  4714 | D:4      | Reached XP level 8. HP: 39/44 MP: 8/8
  4845 | D:5      | Entered Level 5 of the Dungeon
  4890 | D:5      | Noticed TheWoodenMan's ghost (novice MfGl)
  4923 | D:5      | Killed TheWoodenMan's ghost
  4923 | D:5      | Reached skill level 9 in Axes
  5610 | D:5      | Reached skill level 10 in Axes
  6271 | D:6      | Reached XP level 9. HP: 44/48 MP: 9/9
  6317 | D:6      | Found Feomeshru's Book Shop.
  7027 | D:6      | Reached skill level 11 in Axes
  7326 | D:6      | Gained mutation: Your large and strong wings let you fly indefinitely. [potion of beneficial mutation]
  7382 | D:7      | Noticed Pikel
  7404 | D:7      | Killed Pikel
  7609 | D:7      | Found a white marble altar of Elyvilon.
  7940 | D:7      | Reached skill level 12 in Axes
  8297 | D:7      | Found a staircase to the Ecumenical Temple.
  8306 | Temple   | Entered the Ecumenical Temple
  8431 | Temple   | Became a worshipper of Warmaster Okawaru
  8921 | D:8      | You are sucked into a shaft!
  8972 | D:8      | Reached * piety under Okawaru
  8972 | D:8      | Reached XP level 10. HP: 38/53 MP: 10/10
  8992 | D:8      | Reached skill level 13 in Axes
  9415 | D:8      | Reached ** piety under Okawaru
 10225 | D:8      | HP: 2/53 [orc warrior/war axe (8)]
 10742 | D:9      | Found Otuschuo's Antique Armour Emporium.
 10754 | D:9      | Bought a pair of glowing gloves for 231 gold pieces
 10894 | D:9      | Found a staircase to the Lair.
 11114 | D:9      | Found Fuoneis's Assorted Antiques.
 11120 | D:9      | Found Ilybeuh's Armour Emporium.
 11164 | D:9      | Bought a murky grey potion for 26 gold pieces
 11164 | D:9      | Bought a scroll labeled CIMOPNOILO for 29 gold pieces
 11216 | D:9      | Noticed an ice statue
 11421 | D:9      | Found Qixt's Book Boutique.
 11613 | D:9      | Reached *** piety under Okawaru
 11864 | D:10     | Entered Level 10 of the Dungeon
 11871 | D:10     | Found Soazimi's Jewellery Emporium.
 11885 | D:10     | Noticed Psyche
 11938 | D:10     | Noticed Cyber's ghost (journeyman MiFi)
 11958 | D:10     | Killed Psyche
 12163 | D:8      | Reached skill level 14 in Axes
 12355 | D:10     | Reached **** piety under Okawaru
 12358 | D:10     | Noticed a hill giant
 12460 | D:10     | Reached XP level 11. HP: 53/57 MP: 11/11
 12563 | D:10     | Killed Cyber's ghost
 12861 | Lair:1   | Entered Level 1 of the Lair of Beasts
 12867 | Lair:1   | Reached ***** piety under Okawaru
 13029 | Lair:1   | Found a dark tunnel.
 13151 | Volcano  | Entered a volcano
 13175 | Volcano  | Demolished by an earth elemental

Skill      XL: |  1  2  3  4  5  6  7  8  9 10 |
---------------+-------------------------------+-----
Axes           | 3 4 5 6 7 8 10 12 14 | 14.9
Throwing       | 3 |  3.2
Fighting       | |  2.1
Dodging        | |  2.4

Action                   |  1- 3 |  4- 6 |  7- 9 | 10-12 || total
-------------------------+-------+-------+-------+-------++-------
Melee: War axe           |    94 |   166 |   460 |   459 ||  1179
Throw: Tomahawk          |       |     2 |     2 |     2 ||     6
 Abil: Fly               |       |       |     1 |       ||     1
  Use: Scroll            |       |     4 |    12 |     6 ||    22
       Potion            |       |       |     1 |     2 ||     3
  Eat: Chunk             |       |     8 |    17 |    13 ||    38
       Pizza             |       |       |     1 |     1 ||     2
       Meat ration       |       |       |       |     1 ||     1
       Royal jelly       |       |       |       |     1 ||     1
Armor: Ring mail         |    70 |       |       |       ||    70
       Chain mail        |       |   138 |    55 |       ||   193
       Plate armour      |       |       |   302 |   341 ||   643
Dodge: Dodged            |    74 |    67 |   149 |   110 ||   400
